 Dungeon Crawl Stone Soup version 0.30-a0-862-g1aabd4f9c5 (webtiles) character file.

Game seed: 10523107495873788207

194506 browni3141 the Stormcaller (level 19, -16/148 HPs)
             Began as a Human Air Elementalist on Mar 9, 2023.
             Was the Champion of Vehumet.
             Killed by an exploding tentacled starspawn (40 damage)
             ... ignited by their inner flame
             ... on level 4 of the Abyss on Mar 10, 2023.
             The game lasted 01:50:49 (44567 turns).

browni3141 the Stormcaller (HuAE)                  Turns: 44567, Time: 01:50:49

Health: -16/148    AC: 17    Str: 12    XL:     19   Next: 47%
Magic:  35/35      EV: 24    Int: 29    God:    Vehumet [******]
Gold:   1605       SH:  0    Dex: 14    Spells: 7/42 levels left

rFire   . . .      SeeInvis +    b - +8 Vampire's Tooth {megavamp}
rCold   + . .      Faith    +    (no shield)
rNeg    . . .      Spirit   .    V - +2 robe {Archmagi}
rPois   .          Reflect  .    k - +2 helmet
rElec   .          Rampage  .    j - +2 cloak
rCorr   .          Archmagi +    U - +2 pair of gloves {Str+3}
Will    +....                    D - +2 pair of boots
Stlth   ++++                     d - amulet "Xoamea" {Faith rC+ Dex+2}
HPRegen 0.44/turn                Z - ring of see invisible
MPRegen 0.24/turn                n - +5 ring of evasion

@: hasted, unable to drink, very quick
A: clever 2, inability to drink after injury 1
a: Renounce Religion


You were on level 4 of the Abyss.
You worshipped Vehumet.
Vehumet was exalted by your worship.
You visited 5 branches of the dungeon, and saw 26 of its levels.
You visited the Abyss 3 times.
You also visited: Sewer, Ossuary and Gauntlet.

You collected 4042 gold pieces.
You spent 2437 gold pieces at shops.

Inventory:

Hand Weapons
 b - the +8 Vampire's Tooth (weapon) {megavamp}
   (You found it on level 5 of the Lair of Beasts)
 W - a +2 quick blade of venom
Missiles
 o - 3 throwing nets
Armour
 j - a +2 cloak (worn)
 k - a +2 helmet (worn)
 D - a +2 pair of boots (worn)
 K - a +2 leather armour of willpower
 U - a +2 pair of gloves of strength (worn)
 V - a +2 robe of the Archmagi (worn)
Magical Staves
 a - a staff of air
Jewellery
 d - the amulet "Xoamea" (around neck) {Faith rC+ Dex+2}
   (You found it in a Gauntlet)

   [amulet of faith]

   It allows you to gain divine favour quickly.
   Dex:       It affects your dexterity (+2).
   rC:        It protects you from cold.
 g - a ring of protection from cold
 n - a +5 ring of evasion (right hand)
 y - a ring of resist corrosion
 z - a +6 ring of strength
 B - a ring of protection from fire
 Z - a ring of see invisible (left hand)
Wands
 q - a wand of charming (26)
 I - a wand of digging (3)
 S - a wand of mindburst (2)
 T - a wand of quicksilver (2)
Scrolls
 e - 6 scrolls of silence
 f - 4 scrolls of vulnerability
 l - 5 scrolls of teleportation
 m - 4 scrolls of enchant weapon
 s - a scroll of blinking
 v - 9 scrolls of fear
 w - 5 scrolls of magic mapping
 x - 2 scrolls of torment
 C - 4 scrolls of immolation
 J - a scroll of brand weapon
 N - 4 scrolls of fog
 O - 6 scrolls of amnesia
 Q - 4 scrolls of poison
 Y - a scroll of summoning
Potions
 h - 4 potions of magic
 i - 8 potions of mutation
 p - 3 potions of brilliance
 r - 18 potions of curing
 t - 4 potions of heal wounds
 u - 7 potions of attraction
 E - 3 potions of haste
 F - 6 potions of lignification
 G - 4 potions of might
 H - 8 potions of cancellation
 L - 3 potions of ambrosia
 M - 4 potions of berserk rage
 P - 4 potions of resistance
 R - 9 potions of invisibility
 X - 3 potions of flight
Miscellaneous
 c - a lightning rod (4/4)
 A - a box of beasts (inert)


   Skills:
 + Level 12.6 Fighting
 - Level 8.0 Short Blades
 - Level 4.0 Armour
 + Level 15.0 Dodging
 - Level 10.0 Stealth
 - Level 12.0 Spellcasting
 * Level 7.9 Conjurations
 - Level 4.0 Translocations
 * Level 20.7 Air Magic
 - Level 5.0 Evocations


You had 7 spell levels left.
You knew the following spells:

 Your Spells              Type           Power      Damage    Failure   Level
a - Shock                 Conj/Air       100%       1d9       0%          1
b - Static Discharge      Conj/Air       100%       2-7/arc   0%          2
c - Swiftness             Air            100%       N/A       0%          3
d - Airstrike             Air            58%        2d(9-25)  0%          4
e - Arcjolt               Conj/Air       50%        1d60      1%          5
f - Kindle Blastsparks    Fire/Tloc/Air  100%       2d18      1%          3
g - Mephitic Cloud        Conj/Pois/Air  83%        N/A       1%          3
h - Lightning Bolt        Conj/Air       50%        1d71      1%          5
i - Conjure Ball Lightni  Conj/Air       50%        3x3d17    1%          6
j - Vhi's Electric Charg  Tloc/Air       100%       N/A       1%          3

Your spell library contained the following spells:

 Spells                   Type           Power      Damage    Failure   Level
 Chain Lightning          Conj/Air       50%        3d66      88%         9
 Polar Vortex             Ice            13%        N/A       100%        9
 Shatter                  Erth           13%        3d13*     100%        9
 Foxfire                  Conj/Fire      100%       2x1d9     1%          1
 Sandblast                Erth           52%        2d12      1%          1
 Cigotuvi's Dreadful Rot  Necr/Pois/Air  100%       N/A       1%          2
 Poisonous Vapours        Pois/Air       100%       N/A       1%          2
 Stone Arrow              Conj/Erth      100%       3d13      1%          3
 Fulminant Prism          Conj/Hex       28%        3d14      1%          4
 Iskenderun's Mystic Bla  Conj/Tloc      67%        2d14      1%          4
 Sticky Flame             Conj/Fire      57%        2d7       1%          4
 Freezing Cloud           Conj/Ice/Air   41%        6-21      1%          5
 Iskenderun's Battlesphe  Conj           76%        2d12      1%          5
 Ignite Poison            Fire/Tmut/Pois 26%        N/A       2%          3
 Inner Flame              Hex/Fire       26%        N/A       2%          3
 Necrotise                Necr           100%       1d9       3%          1
 Ensorcelled Hibernation  Hex/Ice        52%        N/A       4%          2
 Fireball                 Conj/Fire      28%        3d12      4%          5
 Ozocubu's Armour         Ice            26%        N/A       9%          3
 Spider Form              Tmut/Pois      26%        N/A       9%          3
 Summon Guardian Golem    Hex/Summ       26%        N/A       9%          3
 Vampiric Draining        Necr           26%        2d7       9%          3
 Lee's Rapid Deconstruct  Erth           13%        3d9*      21%         5
 Iron Shot                Conj/Erth      28%        9d6       24%         6
 Starburst                Conj/Fire      28%        6d9       24%         6
 Anguish                  Hex/Necr       13%        N/A       30%         4
 Cause Fear               Hex            13%        N/A       30%         4
 Summon Ice Beast         Ice/Summ       26%        N/A       30%         4
 Agony                    Necr           26%        N/A       63%         5
 Metabolic Englaciation   Hex/Ice        13%        N/A       63%         5
 Spellforged Servitor     Conj/Summ      28%        N/A       75%         7
 Simulacrum               Ice/Necr       13%        N/A       99%         6
 Dragon Form              Tmut           13%        N/A       100%        7
 Ignition                 Fire           13%        3d6       100%        8
 Dragon's Call            Summ           13%        N/A       100%        9


Dungeon Overview and Level Annotations

Branches:
Dungeon (15/15)            Temple (1/1) D:7            Lair (5/5) D:10
  Swamp (0/4) Lair:2       Spider (0/4) Lair:3        Slime (0/5) Lair:5
    Orc (2/2) D:9             Elf (3/3) Orc:2        Vaults (0/5) D:13
 Depths (0/4) D:15          Sewer (visited)         Ossuary (visited)
Gauntlet (visited)

Altars:
Ashenzari
Cheibriados
Dithmenos
Elyvilon
Fedhas
Gozag
Hepliaklqana
Kikubaaqudgha
Makhleb
Nemelex Xobeh
Okawaru
Qazlal
Ru
Sif Muna
Trog
Uskayaw
Vehumet
Wu Jian
Xom
Yredelemnul
Zin
The Shining One
Jiyva

Shops:
D:3 :   D:4 !   D:8 ?   D:9 !   Orc:2 !(?(

Annotations:
Lair:4 3 runed translucent doors, exclusion: 3 doors, Cisawen's ghost, journeyman FoCA
Lair:5 1 runed translucent door, exclusion: door


Innate Abilities, Weirdness & Mutations

Your mind is very acute. (Int +8, Str/Dex -2)
You occasionally lose the ability to drink potions when taking damage.


Message History

The unseen horror is moderately wounded.
The fiery explosion engulfs the unseen horror!!
Flame seeps out of the unseen horror.
The unseen horror is almost dead.
The fiery explosion engulfs you!!
You are engulfed in blazing flames.
Your shadow is engulfed in blazing flames.
Flame seeps out of your shadow.
Your shadow slips into darkness.
Your shadow flickers and vanishes for a moment.
Unknown command.
Unknown command.
Unknown command.
Unknown command.
Unknown command.
Aiming: Dig
Press: ? - help, Shift-Dir - straight line A rock wall.
The rock shatters into small pieces.
You are engulfed in blazing flames.
* * * LOW HITPOINT WARNING * * *
The unseen horror is engulfed in blazing flames.
Flame seeps out of the unseen horror.
The unseen horror hits your shadow but does no damage.
The unseen horror is engulfed in blazing flames.
Vehumet accepts your kill.
The unseen horror explodes!
The fiery explosion engulfs the unseen horror!!
Vehumet accepts your kill.
The fiery explosion engulfs the unseen horror!!!
Vehumet accepts your kill. The fiery explosion engulfs you!!
* * * LOW HITPOINT WARNING * * *
The fiery explosion engulfs your shadow!!!
Your shadow dissolves into shadows!
The fiery explosion engulfs your tentacled starspawn!!
The starspawn's tentacles wither and die.
Your tentacled starspawn dissolves into shadows!
Your tentacled starspawn explodes!
The fiery explosion engulfs you!!!
You feel threatened and lose the ability to drink potions!
You die...

.... . ..# .. . .
#..## . .. #.#..#
G#+' ## #..# #??$
##.##.>#
xφ)/[##..#.4#
[?[$[9#.x#§.#
(φ)[3#xx°○.####.##
?
[(*G.SX○○@§......
?
(φ*##.X#§§#.#....
[(##..##§§..# . ##
#....#...## ....#
#..#.# .. .#
#....... .#.#
#...##.. .. ...#.
..# ..#### #.


You could see a great orb of eyes, a crystal guardian, 2 thrashing horrors, a
guardian serpent (inner flame), a smoke demon, 3 unseen horrors, 2 lurking
horrors and a friendly rust devil (summoned, inner flame).

Vanquished Creatures
  Zenata (Elf:2)
  Jorgrun (Orc:1)
  A deep elf blademaster (Elf:2)
  A tentacled starspawn (Abyss:3)
  2 deep elf sorcerers
  4 deep elf elementalists
  5 very ugly things (Abyss:4)
  3 deep elf demonologists
  A minotaur (Gauntlet)
  A deep elf death mage (Elf:3)
  An ettin (shapeshifter) (Elf:1)
  8 vault guards
  Erolcha (D:13)
  7 ogre magi
  3 hydras
  4 centaur warriors
  A merfolk avatar (Lair:5)
  30 two-headed ogres
  A catoblepas (Lair:2)
  21 dancing weapons
  5 boulder beetles
  3 thrashing horrors
  13 death yaks
  2 tengu warriors
  2 orc high priests
  21 deep elf knights
  A titan zombie (D:15)
  Sonja (Lair:4)
  5 skysharks
  2 skeletal warriors (D:15)
  A spatial maelstrom (Abyss:3)
  2 wretched stars
  A sea snake (Lair:5)
  A spark wasp zombie (D:15)
  Lodul (D:13)
  A flayed ghost (D:15)
  15 deep elf archers
  A wizard (D:14)
  34 deep elf pyromancers
  35 deep elf zephyrmancers
  A necromancer (D:15)
  3 orc knights
  2 orc sorcerers
  13 ugly things
  6 cyclopes
  A worldbinder (Abyss:3)
  2 wolf spiders (Lair:3)
  2 stone giant zombies (D:15)
  2 manticores
  4 black mambas
  16 elephants
  Joseph (D:8)
  2 smoke demons
  A torpor snail (Lair:4)
  4 unseen horrors (Abyss:4)
  12 cane toads
  Psyche (D:8)
  An efreet (D:13)
  2 tengu conjurers
  A freezing wraith (D:14)
  7 komodo dragons
  5 rime drakes
  2 ancient zymes (Abyss:3)
  A red devil (Gauntlet)
  6 meliai
  A polar bear (Lair:5)
  10 trolls
  A queen bee (shapeshifter) (D:14)
  A hydra skeleton (Abyss:3)
  A hellwing (Abyss:3)
  Grinder (D:6)
  A raiju (Abyss:3)
  17 blink frogs
  24 dream sheep
  A jumping spider (Lair:3)
  10 slime creatures
  A centaur simulacrum (D:15)
  2 vampires
  5 ynoxinuls (Abyss:3)
  2 shadows
  A wraith (D:14)
  12 yaks
  4 wyverns
  5 air elementals
  5 fire elementals
  A hog (shapeshifter) (Elf:2)
  3 water elementals
  8 redbacks (Elf:1)
  A basilisk (shapeshifter) (D:15)
  5 basilisks
  3 chaos spawn
  2 steam dragons
  5 neqoxecs
  15 vampire mosquitoes
  5 wargs
  6 large abominations
  13 water moccasins
  An acid dragon (D:9)
  21 orc warriors
  A sky beast (D:6)
  6 black bears
  2 ice beasts (D:6)
  28 wolves
  5 boggarts
  43 ogres
  7 centaurs
  2 kobold brigands
  A gnoll sergeant (D:12)
  17 bullfrogs
  4 earth elementals
  11 scorpions
  5 small abominations (Abyss:3)
  12 wights
  9 killer bees
  3 howler monkeys
  3 electric eels (D:9)
  7 crimson imps
  Crazy Yiuf (D:7)
  3 hounds
  12 orc priests
  2 jellies (D:5)
  A gnoll bouda (D:7)
  An iron imp (Abyss:3)
  3 starcursed masses
  2 sleepcaps
  3 iguanas
  26 orc wizards
  8 hell rats
  9 mummies
  21 gnolls
  3 river rats (Sewer)
  9 adders
  3 shadow imps
  5 white imps
  2 ufetubi
  A worm (D:3)
  4 dart slugs
  97 orcs
  5 ball pythons
  4 bats
  3 endoplasms
  9 giant cockroaches
  2 gnoll zombies (Ossuary)
  7 goblins
  6 hobgoblins
  5 quokkas
  6 frilled lizards
  A goblin skeleton (D:5)
  2 goblin zombies (D:5)
  7 hobgoblin zombies
  13 kobolds
  7 orc zombies
  7 rats
  2 bushes (D:15)
  A butterfly (D:8)
  2 starspawn tentacles (Abyss:3)
1007 creatures vanquished.

Vanquished Creatures (collateral kills)
  A crystal guardian (Abyss:4)
  A thrashing horror (Abyss:4)
  A deep elf knight (Elf:1)
  2 cane toads
  An orc warrior (D:9)
  An orc priest (D:5)
  A gnoll (D:7)
  10 ball lightnings
18 creatures vanquished.

Vanquished Creatures (others)
  A cyclops (D:8)
  An unseen horror (Abyss:4)
  2 fire elementals (Elf:1)
  A golden eye (Abyss:3)
  A vampire mosquito (Lair:2)
  A hound (D:7)
  2 orcs
  222 ball lightnings
  5 bushes
  4 demonic plants (Gauntlet)
  87 fungi
  A lurking horror (Abyss:3)
  95 plants
  4 starspawn tentacles (Abyss:4)
  11 withered plants (D:15)
438 creatures vanquished.

Grand Total: 1463 creatures vanquished

Notes
Turn   | Place    | Note
-------+----------+-------------------------------------------
     0 | D:1      | browni3141 the Human Air Elementalist began the quest for
                  | the Orb.
     0 | D:1      | Reached XP level 1. HP: 13/13 MP: 3/3
   192 | D:1      | Reached skill level 1 in Fighting
   234 | D:1      | Reached XP level 2. HP: 21/21 MP: 5/5
   235 | D:1      | Reached skill level 1 in Short Blades
   347 | D:1      | Learned a level 2 spell: Static Discharge
   507 | D:1      | Reached XP level 3. HP: 26/26 MP: 6/6
  1496 | D:2      | Reached XP level 4. HP: 30/32 MP: 1/7
  1585 | D:2      | Reached skill level 4 in Air Magic
  1879 | D:3      | Found Vozuh's Book Emporium.
  2051 | D:3      | Reached XP level 5. HP: 37/37 MP: 4/8
  2073 | D:3      | Found a glowing drain.
  2077 | Sewer    | Entered a sewer
  2135 | Sewer    | Reached skill level 5 in Air Magic
  2418 | D:3      | Learned a level 3 spell: Swiftness
  2690 | D:3      | Found a burning altar of Makhleb.
  3077 | D:4      | Reached XP level 6. HP: 44/44 MP: 6/9
  3530 | D:4      | Found Fomocw's Distillery.
  3581 | D:4      | Bought a potion of heal wounds for 55 gold pieces
  3861 | D:5      | Entered Level 5 of the Dungeon
  3881 | D:5      | Reached skill level 6 in Air Magic
  3881 | D:5      | Reached XP level 7. HP: 37/50 MP: 2/11
  4059 | D:5      | Found a glowing golden altar of the Shining One.
  4402 | D:5      | Reached skill level 7 in Air Magic
  4691 | D:5      | Reached XP level 8. HP: 51/56 MP: 3/12
  4713 | D:5      | Reached skill level 8 in Air Magic
  4842 | D:5      | Learned a level 4 spell: Airstrike
  5236 | D:6      | Reached skill level 5 in Dodging
  5288 | D:6      | Noticed Grinder
  5515 | D:6      | Found a hazy altar of Hepliaklqana.
  5815 | D:6      | Reached XP level 9. HP: 50/66 MP: 10/13
  6054 | D:6      | Reached skill level 1 in Armour
  6060 | D:6      | Identified the +3 falchion "Hauph" {venom, rF+ Int+7
                  | Stlth-}
  6350 | D:6      | Found a stormy altar of Qazlal.
  6521 | D:6      | Killed Grinder
  6796 | D:7      | Found a staircase to the Ecumenical Temple.
  6828 | Temple   | Entered the Ecumenical Temple
  6858 | Temple   | Became a worshipper of Vehumet
  6997 | D:7      | Reached skill level 5 in Fighting
  7055 | D:7      | Found an ancient bone altar of Kikubaaqudgha.
  7282 | D:7      | Found a sand-covered staircase.
  7289 | Ossuary  | Entered an ossuary
  7410 | Ossuary  | Reached * piety under Vehumet
  7410 | Ossuary  | Offered knowledge of Freeze by Vehumet.
  7836 | D:8      | Reached XP level 10. HP: 26/74 MP: 10/14
  8325 | D:8      | Noticed Psyche
  8327 | D:8      | Noticed a cyclops
  8334 | D:8      | Noticed Joseph
  8533 | D:7      | Found a runed translucent door.
  8534 | D:7      | Noticed Crazy Yiuf
  8751 | D:7      | Reached skill level 9 in Air Magic
  9269 | D:7      | Found a white marble altar of Elyvilon.
  9349 | D:7      | Killed Crazy Yiuf
  9624 | D:7      | Found a staircase to the Ecumenical Temple.
  9692 | D:7      | Found an ancient bone altar of Kikubaaqudgha.
  9798 | D:7      | Found a white marble altar of Elyvilon.
 10070 | D:8      | Killed Psyche
 10071 | D:8      | Reached skill level 5 in Stealth
 10100 | D:8      | Learned a level 5 spell: Arcjolt
 10512 | D:8      | Killed Joseph
 10659 | D:8      | Found a runed translucent door.
 10680 | D:8      | Found a runed translucent door.
 10808 | D:8      | Found Tixzyub's Magic Scroll Shoppe.
 10817 | D:8      | Bought a scroll of identify for 28 gold pieces
 10817 | D:8      | Identified a scroll of acquirement
 11053 | D:8      | Offered knowledge of Kiss of Death by Vehumet.
 11055 | D:8      | Reached ** piety under Vehumet
 11478 | D:4      | Bought a potion of lignification for 33 gold pieces
 11478 | D:4      | Bought a potion of berserk rage for 55 gold pieces
 11478 | D:4      | Bought a potion of flight for 33 gold pieces
 11478 | D:4      | Bought a potion of might for 44 gold pieces
 11558 | D:8      | Bought a scroll of amnesia for 56 gold pieces
 11558 | D:8      | Bought a scroll of summoning for 133 gold pieces
 11558 | D:8      | Bought a scroll of fear for 56 gold pieces
 11558 | D:8      | Bought a scroll of blinking for 105 gold pieces
 11936 | D:9      | Reached skill level 10 in Air Magic
 11939 | D:9      | Noticed a two-headed ogre
 11951 | D:9      | HP: 3/76 [something (4)]
 11954 | D:9      | Found a staircase to the Orcish Mines.
 12272 | D:9      | Killed a two-headed ogre
 12273 | D:9      | Reached skill level 5 in Conjurations
 12273 | D:9      | Reached XP level 11. HP: 81/81 MP: 9/15
 12356 | D:9      | Noticed a two-headed ogre
 12370 | D:9      | Killed a two-headed ogre
 12662 | D:9      | Reached skill level 11 in Air Magic
 12976 | D:9      | Offered knowledge of Searing Ray by Vehumet.
 13033 | D:9      | Found Kenep's Distillery.
 13048 | D:9      | Acquired 621 gold pieces
 13050 | D:9      | Bought a potion of invisibility for 104 gold pieces
 13050 | D:9      | Bought a potion of heal wounds for 65 gold pieces
 13050 | D:9      | Bought a potion of heal wounds for 65 gold pieces
 13050 | D:9      | Bought a potion of cancellation for 104 gold pieces
 13050 | D:9      | Bought a potion of curing for 39 gold pieces
 13050 | D:9      | Bought a potion of magic for 104 gold pieces
 13407 | D:9      | Found a basalt altar of Yredelemnul.
 13475 | D:10     | Entered Level 10 of the Dungeon
 13726 | D:10     | Found a staircase to the Lair.
 13853 | D:10     | Reached *** piety under Vehumet
 13959 | D:10     | Found a sacrificial altar of Ru.
 14146 | D:10     | Reached skill level 12 in Air Magic
 14289 | D:10     | Found a shimmering blue altar of Sif Muna.
 14313 | D:10     | Offered knowledge of Kindle Blastsparks by Vehumet.
 14772 | D:11     | Noticed a boulder beetle
 14801 | Lair:1   | Entered Level 1 of the Lair of Beasts
 14856 | Lair:1   | Noticed a death yak
 14857 | Lair:1   | Noticed a death yak
 14858 | Lair:1   | Noticed a death yak
 15429 | Lair:1   | Reached skill level 10 in Dodging
 15560 | Lair:1   | Noticed a six-headed hydra
 15562 | Lair:1   | Reached skill level 5 in Spellcasting
 15571 | Lair:1   | Killed a six-headed hydra
 15572 | Lair:1   | Reached XP level 12. HP: 84/88 MP: 0/20
 15881 | Lair:1   | Reached **** piety under Vehumet
 16417 | Lair:1   | Killed a death yak
 16427 | Lair:1   | Killed a death yak
 16428 | Lair:1   | Killed a death yak
 16433 | Lair:1   | Learned a level 3 spell: Kindle Blastsparks
 16437 | Lair:1   | Learned a level 3 spell: Mephitic Cloud
 16443 | Lair:1   | Learned a level 5 spell: Lightning Bolt
 17111 | Lair:2   | Found a staircase to the Swamp.
 17124 | Lair:2   | Noticed a catoblepas
 17163 | Lair:2   | Killed a catoblepas
 17546 | Lair:2   | Reached skill level 13 in Air Magic
 17572 | Lair:2   | Reached XP level 13. HP: 19/93 MP: 5/26
 18077 | Lair:2   | Offered knowledge of Freezing Cloud by Vehumet.
 18579 | Lair:3   | Found a hole to the Spider Nest.
 18952 | Lair:3   | Reached skill level 10 in Spellcasting
 19749 | Lair:4   | Noticed Sonja
 19754 | Lair:4   | Killed Sonja
 19845 | Lair:4   | Reached skill level 14 in Air Magic
 20229 | Lair:4   | Found a runed translucent gate.
 20229 | Lair:4   | Found a runed translucent gate.
 20229 | Lair:4   | Found a runed translucent gate.
 20239 | Lair:4   | Noticed Cisawen's ghost (journeyman FoCA)
 20279 | Lair:4   | Reached skill level 5 in Short Blades
 20300 | Lair:4   | Reached ***** piety under Vehumet
 20300 | Lair:4   | Offered knowledge of Conjure Ball Lightning by Vehumet.
 20323 | Lair:4   | Learned a level 6 spell: Conjure Ball Lightning
 20541 | Lair:4   | Reached XP level 14. HP: 93/100 MP: 13/28
 21214 | Lair:5   | Entered Level 5 of the Lair of Beasts
 22096 | Lair:5   | Reached skill level 15 in Air Magic
 22159 | Lair:5   | Reached skill level 10 in Stealth
 22397 | Lair:5   | Found a runed translucent door.
 22398 | Lair:5   | Found a viscous altar of Jiyva.
 22398 | Lair:5   | Noticed an azure jelly
 22432 | Lair:5   | Found a staircase to the Slime Pits.
 22678 | Lair:5   | Offered knowledge of Ozocubu's Refrigeration by Vehumet.
 22979 | Lair:5   | Reached XP level 15. HP: 73/105 MP: 21/31
 23589 | Lair:5   | Found the +8 Vampire's Tooth {megavamp}
 24064 | Orc:1    | Entered Level 1 of the Orcish Mines
 24064 | Orc:1    | Noticed Jorgrun
 24068 | Orc:1    | Killed Jorgrun
 24991 | Orc:2    | Entered Level 2 of the Orcish Mines
 25071 | Orc:2    | Found Gokkidgh's Distillery.
 25218 | Orc:2    | Found a staircase to the Elven Halls.
 26048 | Orc:2    | Offered knowledge of Eringya's Noxious Bog by Vehumet.
 26508 | Orc:2    | Found Fawneg's Weapon Shoppe.
 26508 | Orc:2    | Found Ledibaul's Distillery.
 26509 | Orc:2    | Found Fuimet's Weapon Boutique.
 26509 | Orc:2    | Found Nogrun's Magic Scroll Shoppe.
 26562 | Orc:2    | HP: 5/108 [orc knight/+0 great mace (7)]
 27226 | Orc:2    | Learned a level 3 spell: Vhi's Electric Charge
 27294 | Orc:2    | Bought a scroll of identify for 26 gold pieces
 27294 | Orc:2    | Bought a scroll of identify for 26 gold pieces
 27299 | Orc:2    | Bought a scroll of fog for 52 gold pieces
 27299 | Orc:2    | Bought a scroll of immolation for 52 gold pieces
 27299 | Orc:2    | Bought a scroll of enchant armour for 97 gold pieces
 27299 | Orc:2    | Bought a scroll of enchant armour for 97 gold pieces
 27306 | Orc:2    | Bought a potion of magic for 96 gold pieces
 27306 | Orc:2    | Bought a potion of lignification for 36 gold pieces
 27306 | Orc:2    | Bought a potion of invisibility for 96 gold pieces
 27306 | Orc:2    | Bought a potion of invisibility for 96 gold pieces
 27306 | Orc:2    | Bought a potion of curing for 36 gold pieces
 27306 | Orc:2    | Bought a potion of curing for 36 gold pieces
 27306 | Orc:2    | Bought a potion of invisibility for 96 gold pieces
 27306 | Orc:2    | Bought a potion of flight for 36 gold pieces
 27381 | Orc:2    | Bought a potion of curing for 36 gold pieces
 27381 | Orc:2    | Bought a potion of curing for 36 gold pieces
 27381 | Orc:2    | Bought a potion of curing for 36 gold pieces
 27381 | Orc:2    | Bought a potion of mutation for 96 gold pieces
 27381 | Orc:2    | Bought a potion of heal wounds for 60 gold pieces
 27381 | Orc:2    | Bought a potion of invisibility for 96 gold pieces
 27381 | Orc:2    | Bought a potion of haste for 120 gold pieces
 27685 | D:11     | Reached skill level 1 in Translocations
 28442 | D:12     | Found a gate leading to a gauntlet.
 28502 | Gauntlet | Entered a Gauntlet
 28502 | Gauntlet | Found a transporter.
 28599 | Gauntlet | Found a transporter.
 28610 | Gauntlet | Found a transporter.
 28613 | Gauntlet | Found a transporter.
 28625 | Gauntlet | Found a transporter.
 28640 | Gauntlet | Found a transporter.
 28651 | Gauntlet | Found a transporter.
 28663 | Gauntlet | Found a transporter.
 28668 | Gauntlet | Found a transporter.
 28684 | Gauntlet | Found a transporter.
 28696 | Gauntlet | Found a transporter.
 28748 | Gauntlet | Found a transporter.
 28749 | Gauntlet | Found a transporter.
 28760 | Gauntlet | Found a transporter.
 28834 | Gauntlet | Reached XP level 16. HP: 114/114 MP: 29/32
 28944 | Gauntlet | Reached skill level 16 in Air Magic
 28974 | Gauntlet | Gained mutation: You are frail. (-10% HP) [a neqoxec]
 28986 | Gauntlet | Identified the amulet "Xoamea" {Faith rC+ Dex+2}
 29900 | D:13     | Noticed Erolcha
 29910 | D:13     | Killed Erolcha
 30329 | D:13     | Noticed Lodul
 30335 | D:13     | Offered knowledge of Yara's Violent Unravelling by Vehumet.
 30358 | D:13     | Killed Lodul
 31154 | D:13     | Found a gate to the Vaults.
 32450 | D:14     | Reached skill level 17 in Air Magic
 33600 | D:15     | Entered Level 15 of the Dungeon
 33604 | D:15     | Offered knowledge of Orb of Destruction by Vehumet.
 34287 | D:15     | Identified the +2 flail of Grace {heavy, rElec rF+}
 34300 | D:15     | Reached XP level 17. HP: 67/113 MP: 16/33
 34340 | D:15     | Paralysed by something for 3 turns
 34532 | D:15     | Reached skill level 18 in Air Magic
 34716 | D:15     | Reached skill level 10 in Fighting
 34820 | D:15     | Reached skill level 1 in Evocations
 34878 | D:15     | Found a staircase to the Depths.
 35005 | D:15     | Offered knowledge of Irradiate by Vehumet.
 35336 | D:15     | Reached skill level 5 in Evocations
 35894 | D:15     | Lost mutation: You are frail. (-10% HP) [potion of
                  | mutation]
 35894 | D:15     | Gained mutation: You occasionally lose the ability to drink
                  | potions when taking damage. [potion of mutation]
 35894 | D:15     | Gained mutation: Your mind is acute. (Int +4, Str/Dex -1)
                  | [potion of mutation]
 35894 | D:15     | Gained mutation: Your mind is very acute. (Int +8, Str/Dex
                  | -2) [potion of mutation]
 36091 | Elf:1    | Entered Level 1 of the Elven Halls
 36095 | Elf:1    | Paralysed by an air elemental for 1 turns
 36568 | Elf:1    | Identified the +3 scale mail "Vaevaynn" {rElec rN++}
 37171 | Elf:1    | Got Sif Muna's Handbook of Allies
 37277 | Elf:1    | Paralysed by an air elemental for 1 turns
 37551 | Elf:1    | Paralysed by an orc sorcerer for 2 turns
 37602 | Elf:1    | Reached ****** piety under Vehumet
 38291 | Elf:2    | Noticed Zenata
 38531 | Elf:2    | Reached skill level 19 in Air Magic
 38531 | Elf:2    | Reached XP level 18. HP: 138/138 MP: 11/34
 38763 | Elf:2    | Offered knowledge of Maxwell's Capacitive Coupling by
                  | Vehumet.
 38843 | Elf:2    | Got the Folio of Clay
 38854 | Elf:2    | Got the Tome of Focus
 38861 | Elf:2    | Got Haashrugo's Cyclopedia of Incineration
 39499 | Elf:2    | Killed Zenata
 39694 | Elf:2    | Found a huge runed translucent gate.
 39694 | Elf:2    | Found a huge runed translucent gate.
 39694 | Elf:2    | Found a huge runed translucent gate.
 39695 | Elf:2    | Found a huge runed translucent gate.
 39695 | Elf:2    | Found a huge runed translucent gate.
 39897 | Elf:2    | Paralysed by an air elemental for 1 turns
 40771 | Elf:2    | Noticed a deep elf blademaster
 40775 | Elf:2    | Killed a deep elf blademaster
 40776 | Elf:2    | Reached skill level 20 in Air Magic
 41159 | Elf:2    | Offered knowledge of Shatter by Vehumet.
 41159 | Elf:2    | Offered knowledge of Chain Lightning by Vehumet.
 41159 | Elf:2    | Offered knowledge of Polar Vortex by Vehumet.
 41351 | Elf:3    | Entered Level 3 of the Elven Halls
 41603 | Abyss:3  | Cast into level 3 of the Abyss (a deep elf sorcerer)
 41946 | Abyss:3  | Found a corrupted altar of Lugonu.
 42155 | Abyss:3  | Noticed a lich
 42319 | Abyss:3  | Reached XP level 19. HP: 132/146 MP: 27/31
 42647 | Abyss:3  | Found a corrupted altar of Lugonu.
 42788 | Abyss:4  | Found a corrupted altar of Lugonu.
 42908 | Elf:3    | Escaped the Abyss
 43124 | Abyss:4  | Found a corrupted altar of Lugonu.
 43124 | Abyss:4  | Cast into level 4 of the Abyss (a deep elf sorcerer)
 43136 | Elf:3    | Escaped the Abyss
 44399 | Elf:3    | Reached skill level 15 in Dodging
 44504 | Abyss:4  | Cast into level 4 of the Abyss (a deep elf sorcerer)
 44567 | Abyss:4  | Killed by an exploding tentacled starspawn... ignited by
                  | their inner flame

Illustrated notes

Levels and vault maps discovered:
D:1:      roderic_chinese_lattice_arrival, layout_basic,
          minmay_misc_feat_ornament
D:2:      layout_basic
D:3:      layout_loops_ring, bloody_makhleb, gup_sewer_entry_spiral,
          serial_shops, shop_fountains
D:4:      layout_cave_pools, serial_shops, nicolae_lakefront_shop,
          minmay_distorted
D:5:      layout_cave_pools, nicolae_tso_besieged_by_evil
D:6:      layout_cave_pods, mainiacjoe_overflow_swirl, uniq_grinder
D:7:      layout_basic, marbit_many_paths, lemuel_doored_altar,
          minmay_temple_entry_gardened_gates, nicolae_ossuary_entry_giza,
          minmay_nine_imps, uniq_crazy_yiuf_cottage
D:8:      lemuel_insect_pit, layout_cave_pods, serial_shops, shop_scrolls,
          grunt_ministairs_8, uniq_joseph, uniq_psyche
D:9:      layout_long_grid, mainiacjoe_overflow_brackets, erik_orc_3,
          serial_shops, nicolae_shop_temple_entry_statues_fountains,
          serial_glass, glass_columns_a, glass_columns_b, glass_columns_b,
          glass_columns_a, disabler_island
D:10:     layout_basic, mainiacjoe_overflow_surrounded_room,
          nicolae_ru_sacrificial_ziggurat, due_lair_maze_entry_diamond
D:11:     layout_grid_maze
D:12:     layout_cave_pools, gauntlet_entry_generic
D:13:     layout_layer_cave, erik_vaults_2, uniq_erolcha, uniq_lodul
D:14:     layout_layer_cave, grunt_decor_cap
D:15:     gammafunk_depths_entry_grave, layout_rooms, serial_park_square1
          [serial_park_minivault_5x5_6], special_room [special_room_orc]
Temple:   cyrus_circular_temple
Lair:1:   layout_roguey, beast_lair_carwin_1
Lair:2:   layout_gridlike, minmay_swamp_entry_swarm, lemuel_another_geyser,
          grunt_megastairs_3
Lair:3:   layout_hall_layers, spider_nest_entry_a,
          nicolae_quartered_pool_impasse, nicolae_lair_run_with_the_wolves
Lair:4:   layout_cave_pods, gammafunk_ghost_necromancy, st_stairs_12, uniq_sonja
Lair:5:   gammafunk_lair_ancient_temple, layout_regular_city, slime_entry_2
Orc:1:    layout_caves, uniq_jorgrun
Orc:2:    st_orc_ogre_mass, layout_caves, serial_shops, nicolae_shop_trees
Elf:1:    elf_arrival_001, layout_gridlike, minmay_elf_demonology, drop_trap,
          minivault_28
Elf:2:    elven_hall_of_blades_hangedman_alternative
          [nicolae_blade_entry_area_security], layout_onion_city,
          nicolae_elf_elemental_lessons, uniq_zenata
Elf:3:    minmay_elf_hall_dome, layout_gridlike
Abyss:4:  base: Crypt:2, spicy_abyss_rude_harpoons, base: Vaults:1,
          hangedman_abyss_or_decor_clamps, minivault_27, base: Lair:5,
          hangedman_grunt_abyss_rune_horror_hoard

Skill      XL: |  1  2  3  4  5  6  7  8  9 10 11 12 13 14 15 16 17 18 19 |
---------------+----------------------------------------------------------+-----
Fighting       | 1 2 4 5 6 7 9 11 12 | 12.6
Short Blades   | 1 2 5 6 8 |  8.0
Air Magic      | 4 5 6 7 8 10 12 13 14 15 17 19 20 | 20.7
Spellcasting   | 3 5 9 10 12 | 12.0
Dodging        | 6 8 10 11 13 14 15 | 15.0
Armour         | 4 |  4.0
Stealth        | 4 6 8 10 | 10.0
Conjurations   | 5 6 7 |  7.9
Translocations | 2 4 |  4.0
Evocations     | 5 |  5.0

Action                     |  1- 3 |  4- 6 |  7- 9 | 10-12 | 13-15 | 16-18 | 19-21 || total
---------------------------+-------+-------+-------+-------+-------+-------+-------++-------
  Melee: Dagger            |    41 |       |    97 |   445 |   167 |       |       ||   750
         Staff             |    10 |    88 |   129 |    72 |   131 |   303 |    78 ||   811
         Punch             |       |     1 |     2 |    11 |     8 |     6 |     1 ||    29
         Quick blade       |       |       |       |       |   167 |   148 |    41 ||   356
   Cast: Shock             |    26 |    81 |   117 |    24 |    27 |    38 |       ||   313
         Static Discharge  |       |    18 |    39 |    24 |     4 |     3 |       ||    88
         Airstrike         |       |       |    12 |    42 |    54 |   264 |    71 ||   443
         Swiftness         |       |       |     2 |     5 |     2 |     2 |       ||    11
         Arcjolt           |       |       |       |    51 |    98 |   108 |    18 ||   275
         Lightning Bolt    |       |       |       |     3 |     1 |    11 |     1 ||    16
         Kindle Blastspark |       |       |       |     2 |       |     1 |       ||     3
         Mephitic Cloud    |       |       |       |     1 |    17 |    23 |     3 ||    44
         Conjure Ball Ligh |       |       |       |       |    55 |    42 |     4 ||   101
         Vhi's Electric Ch |       |       |       |       |       |     2 |       ||     2
  Evoke: Wand              |       |       |     7 |     4 |     4 |       |     4 ||    19
         Box of beasts     |       |       |       |     1 |     2 |     2 |     1 ||     6
         Lightning rod     |       |       |       |       |     3 |       |       ||     3
    Use: Scroll            |       |     8 |     4 |     9 |    18 |     4 |     4 ||    47
         Potion            |       |       |       |     4 |     4 |     1 |     2 ||    11
   Stab: Sleeping          |     7 |       |       |     7 |     8 |     4 |     1 ||    27
         Distracted        |       |       |     1 |     1 |       |       |       ||     2
         Petrified         |       |       |       |     6 |       |       |       ||     6
         Confused          |       |       |       |     3 |    16 |    18 |     2 ||    39
 Armour: Robe              |     8 |    30 |    24 |   127 |    95 |   158 |    55 ||   497
         Leather armour    |       |       |    47 |    19 |       |       |       ||    66
  Dodge: Dodged            |    42 |   117 |   373 |   613 |   464 |   618 |   271 ||  2498
  Block: Buckler           |       |       |       |    28 |       |       |       ||    28

Table legend: (Time is in decaauts)
 A = Elapsed time spent in this place.
 B = Non-inter-level travel time spent in this place.
 C = Inter-level travel time spent in this place.
 D = Time resting spent in this place.
 E = Time spent auto-exploring this place.
 F = Levels seen in this place.
 G = Mean time per level.
                   A        B        C        D        E       F      G
               +--------+--------+--------+--------+--------+-----+--------+
         Total |  44453 |  42213 |   2240 |   7312 |  27018 |  33 | 1347.1 |
       Dungeon |  22360 |  20953 |   1407 |   2947 |  14129 |  15 | 1490.7 |
        Temple |    185 |    171 |     14 |    136 |      0 |   1 |  185.0 |
          Lair |   9187 |   8739 |    448 |   1354 |   5873 |   5 | 1837.4 |
  Orcish Mines |   2994 |   2729 |    265 |    737 |   1484 |   2 | 1497.0 |
   Elven Halls |   6930 |   6825 |    105 |   1302 |   4499 |   3 | 2310.0 |
         Abyss |   1375 |   1375 |      0 |    760 |     50 |   4 |  343.8 |
         Sewer |    283 |    283 |      0 |      0 |    228 |   1 |  283.0 |
       Ossuary |    416 |    416 |      0 |      0 |    287 |   1 |  416.0 |
      Gauntlet |    718 |    718 |      0 |     76 |    466 |   1 |  718.0 |
               +--------+--------+--------+--------+--------+-----+--------+

Top non-repeatable levels by time:
   Elf:2: 3383 daAuts
  Lair:4: 2716 daAuts
    D:14: 2539 daAuts
   Orc:2: 2431 daAuts
     D:8: 2333 daAuts
  Lair:1: 2317 daAuts
     D:9: 2211 daAuts
   Elf:1: 2155 daAuts
     D:7: 2150 daAuts
    D:13: 2023 daAuts
  Lair:5: 1518 daAuts
     D:6: 1408 daAuts
   Elf:3: 1391 daAuts
    D:10: 1358 daAuts
    D:15: 1344 daAuts
